Map: Mech Depot LE

Players

SortOf - Winner!

  • Race: Zerg Zerg
  • Spawn Location: 1:00

AdminB

  • Race: Terran Terran
  • Spawn Location: 7:00

Event: WCS Montreal 2017

VOD

Have the link to the VOD?

Description

Time

  • Played on: Sept. 8, 2017, 11:34 a.m.
  • Length: 10:33

All games in this series

Show
View Real Time Build Order
Export as new Build Order

SortOf Zerg - Winner!

Build Orders: Hatch First 

Get SALT Encoding   

  12  0:01  Drone  
  13  0:13  Overlord  
  13  0:17  Drone  
  14  0:32  Drone x2  
  16  0:36  Drone  
  17  0:52  Hatchery  
  17  0:56  Drone  
  17  1:00  Drone  
  18  1:10  Extractor  
  17  1:14  Spawning Pool  
  17  1:17  Drone  
  17  1:22  Drone  
  18  1:31  Drone  
  19  1:41  Drone  
  20  1:50  Overlord  
  20  2:03  Queen x2  
  20  2:04  Zergling x4  
  26  2:13  Drone  
  26  2:14  Metabolic Boost  
  27  2:16  Drone  
  28  2:26  Drone x2  
  30  2:33  Spore Crawler  
  30  2:34  Drone  
  30  2:39  Queen, Overlord  
  33  2:45  Queen  
  35  2:56  Overlord  
  35  2:57  Drone x2  
  37  3:02  Drone  
  39  3:05  Drone  
  39  3:10  Drone  
  40  3:14  Drone x2  
  42  3:20  Hatchery  
  42  3:23  Drone  
  42  3:26  Drone x2  
  44  3:30  Drone x2  
  46  3:36  Zergling x4  
  46  3:39  Zergling x2  
  46  3:41  Queen  
  51  3:50  Drone  
  51  3:53  Lair  
  52  3:56  Overlord  
  52  4:01  Overlord  
  51  4:05  Drone  
  51  4:06  Evolution Chamber  
  51  4:07  Baneling Nest  
  51  4:08  Overlord  
  51  4:09  Extractor  
  49  4:14  Drone x2  
  49  4:16  Drone  
  52  4:17  Drone x2  
  52  4:18  Queen  
  52  4:20  Drone  
  57  4:24  Zergling x2  
  57  4:25  Zergling x4  
  57  4:30  Drone x3  
  62  4:37  Zergling x2  
  62  4:38  Zergling x4  
  65  4:40  Zerg Ground Armor Level 1  
  65  4:47  Queen  
  65  4:48  Zergling x4  
  65  4:49  Zergling x2  
  70  4:56  Queen  
  70  4:59  Drone x4  
  76  5:01  Zergling x2  
  76  5:05  Overlord  
  77  5:07  Overseer  
  77  5:14  Centrifical Hooks  
  77  5:16  Drone  
  77  5:17  Drone x3  
  77  5:20  Overlord x2  
  81  5:23  Zergling x2  
  82  5:31  Drone x2  
  82  5:32  Zergling x12  
  90  5:37  Extractor  
  90  5:42  Drone, Baneling x5  
  90  5:43  Drone x3  
  92  5:54  Drone x3  
  96  5:57  Drone x3  
  96  6:03  Extractor x2  
  96  6:05  Hydralisk Den, Extractor, Drone x4  
  96  6:06  Drone, Evolution Chamber  
  96  6:10  Hatchery, Overseer  
  97  6:12  Drone x3  
  97  6:18  Drone x5  
  105  6:28  Overlord  
  105  6:37  Zergling x2  
  105  6:38  Overlord x3  
  106  6:41  Overlord  
  106  6:42  Zerg Ground Armor Level 2  
  106  6:44  Zerg Melee Weapons Level 1  
  106  6:45  Hatchery  
  105  6:47  Overlord  
  105  6:48  Drone x3  
  108  6:55  Muscular Augments  
  108  6:57  Drone x2  
  110  7:03  Hydralisk x3  
  110  7:05  Overlord  
  110  7:07  Overlord  
  116  7:09  Drone x2  
  116  7:12  Hydralisk x2  
  116  7:14  Overlord  
  116  7:15  Drone  
  123  7:20  Hydralisk x2  
  123  7:21  Hydralisk  
  124  7:23  Baneling x3  
  124  7:27  Hydralisk  
  124  7:28  Zergling x2  
  124  7:29  Zergling x6  
  130  7:38  Drone  
  130  7:39  Drone x2  
  130  7:40  Overlord, Drone x2  
  130  7:41  Hydralisk x2  
  130  7:43  Infestation Pit  
  138  7:45  Baneling x4  
  138  7:48  Baneling x2  
  138  7:50  Baneling  
  138  7:52  Zergling x8  
  138  7:55  Baneling x2  
  142  8:04  Zergling x2  
  142  8:05  Zergling x26  
  156  8:09  Extractor  
  155  8:12  Overlord  
  155  8:18  Overlord  
  155  8:20  Hydralisk x4  
  155  8:21  Hatchery  
  155  8:22  Overlord  
  160  8:29  Zergling x18  
  160  8:31  Baneling x5  
  169  8:36  Overlord  
  169  8:42  Hive, Spore Crawler  
  164  8:48  Drone  
  164  8:49  Drone x5  
  164  8:55  Drone x4  
  166  8:56  Drone  
  166  9:02  Zergling x28  
  183  9:30  Zergling x16  
  183  9:31  Zergling x30  
  199  9:32  Baneling  
  199  9:33  Baneling x7  
  199  9:40  Zergling x2  
  193  10:02  Hydralisk  
  193  10:03  Hydralisk x9  
  193  10:13  Ultralisk Cavern  
Show
View Real Time Build Order
Export as new Build Order

AdminB Terran 

Build Orders: Reaper Expand, MMM Bio 

Get SALT Encoding   

  12  0:00  SCV  
  13  0:12  SCV  
  14  0:18  Supply Depot  
  14  0:24  SCV  
  15  0:39  SCV  
  15  0:41  Barracks  
  16  0:44  Refinery  
  16  0:52  SCV  
  17  1:04  SCV  
  18  1:16  SCV  
  19  1:28  Orbital Command, Reaper  
  20  1:44  Command Center  
  20  1:54  Barracks  
  20  1:59  SCV  
  21  2:03  Barracks Reactor  
  21  2:09  Supply Depot  
  21  2:11  SCV  
  22  2:22  Refinery  
  22  2:23  SCV  
  23  2:30  Factory  
  23  2:37  SCV  
  24  2:41  Barracks Tech Lab  
  24  2:42  Marine x2  
  26  2:49  SCV  
  27  2:58  Orbital Command  
  27  3:01  Stimpack  
  27  3:04  Marine  
  28  3:09  SCV  
  28  3:11  Marine x2  
  31  3:19  Starport  
  31  3:23  Marine  
  31  3:24  SCV  
  33  3:27  Factory Reactor  
  33  3:28  SCV  
  33  3:32  Marine  
  35  3:34  Marine  
  35  3:40  Marine  
  35  3:41  SCV  
  38  3:42  SCV  
  39  3:49  Marine  
  39  3:50  Supply Depot  
  39  3:53  SCV  
  39  3:54  SCV  
  39  3:55  Marine  
  43  3:58  Marine  
  44  4:05  SCV  
  44  4:09  SCV  
  46  4:11  Marine  
  46  4:14  Medivac x2  
  46  4:15  Supply Depot  
  51  4:18  Engineering Bay  
  51  4:21  Engineering Bay  
  51  4:31  Supply Depot, Marine x2  
  53  4:33  Marine  
  53  4:35  SCV  
  53  4:36  SCV  
  55  4:47  SCV  
  55  4:48  Marine, SCV  
  55  4:49  Marine, Terran Infantry Armor Level 1, Terran Infantry Weapons Level 1  
  59  4:56  Marine  
  59  4:59  SCV  
  61  5:00  SCV  
  61  5:01  Combat Shields  
  61  5:04  Supply Depot  
  61  5:06  Marine  
  63  5:10  Marine  
  64  5:14  Command Center  
  64  5:20  SCV x2  
  66  5:22  Marine  
  66  5:24  Marine  
  68  5:29  Refinery  
  68  5:31  Marine  
  68  5:33  SCV x2  
  71  5:37  Medivac x2  
  71  5:40  Marine  
  75  5:55  Marine x2, SCV  
  75  5:56  SCV  
  67  5:58  Marine  
  67  6:03  Barracks  
  67  6:04  Barracks x2, Factory Reactor  
  68  6:08  SCV  
  68  6:10  Armory  
  69  6:12  Marine  
  69  6:13  SCV  
  69  6:16  Marine  
  69  6:17  Marine  
  73  6:20  SCV  
  73  6:29  Medivac x2, SCV  
  73  6:30  Marine  
  79  6:34  Marine  
  79  6:36  Marine  
  81  6:40  Widow Mine  
  81  6:41  Widow Mine  
  81  6:44  SCV x2  
  87  6:48  Marine  
  87  6:52  Orbital Command, Marine  
  87  6:53  Marine, Barracks Reactor  
  87  6:54  Barracks Reactor  
  90  6:56  SCV  
  90  6:57  Barracks Reactor  
  91  7:02  SCV  
  91  7:05  Refinery  
  91  7:06  Marine  
  93  7:15  Supply Depot  
  93  7:16  Supply Depot  
  93  7:18  Widow Mine  
  93  7:19  Liberator, Marine x2, SCV, Widow Mine  
  87  7:24  Marine  
  87  7:30  Terran Infantry Weapons Level 2  
  87  7:32  SCV x2  
  87  7:33  Marine x3  
  87  7:34  Marine  
  87  7:36  Marine x2  
  87  7:37  Marine x2  
  98  7:39  SCV  
  98  7:42  Marine  
  102  7:44  SCV  
  102  7:47  Widow Mine  
  102  7:48  Widow Mine  
  102  7:51  Marine x2  
  109  8:15  Supply Depot x2  
  109  8:16  Supply Depot  
  109  8:26  Marine x3  
  109  8:28  Marine, SCV x2  
  109  8:33  Supply Depot  
  109  8:34  Supply Depot  
  109  8:36  Medivac x2, Marine x3, Widow Mine x2  
  109  8:37  Marine x2, SCV  
  123  8:44  Marine x3  
  123  8:46  Marine  
  123  8:48  Command Center  
  127  8:54  Marine x5  
  126  9:01  Marine x3  
  128  9:03  Barracks, Marine  
  128  9:04  Barracks, Supply Depot x2, SCV  
  128  9:06  Barracks  
  128  9:11  Medivac  
  128  9:12  Medivac, Marine x5  
  128  9:17  Widow Mine x2  
  131  9:19  Marine x3  
  131  9:21  Marine  
  131  9:23  SCV  
  131  9:24  SCV  
  141  9:30  Marine  
  131  9:35  Marine x2  
  133  9:40  Marine x2  
  133  9:43  Marine x3  
  132  10:00  SCV  
  132  10:01  Marine x3, SCV  
  132  10:06  Marine  
  98  10:09  Marine  
  98  10:14  Marine x3  
Tags
 
Add a new tag
Caveats
  • Supply blocks, unpowered buildings, or Contaminate may cause inaccurate times.
  • Supply counts are checked every 10 seconds.